 Dungeon Crawl Stone Soup version 0.22.1-1-ga44c0e56f4 (webtiles) character file.

6033 Knicklaso the Cleaver (level 11, -8/93 HPs)
             Began as a Human Berserker on Sept 27, 2018.
             Was a High Priest of Trog.
             Killed from afar by a lava snake (20 damage)
             ... with a glob of lava
             ... on level 1 of the Lair of Beasts.
             The game lasted 00:21:08 (6887 turns).

Knicklaso the Cleaver (Human Berserker)             Turns: 6887, Time: 00:21:08

Health: -8/93      AC:  9    Str: 19    XL:     11   Next: 11%
Magic:  11/11      EV: 12    Int:  8    God:    Trog [*****.]
Gold:   461        SH:  0    Dex: 14    Spells: 10/10 levels left

rFire    . . .     SeeInvis .   a - +3 hand axe
rCold    . . .     Gourm    .   (no shield)
rNeg     . . .     Faith    .   s - +0 troll leather armour {Purgy}
rPois    +         Spirit   .   K - +0 helmet
rElec    .         Reflect  .   t - +0 cloak {rPois}
rCorr    .         Harm     .   u - +1 pair of gloves
MR       .....                  m - +0 pair of boots
Stlth    +.........             (no amulet)
HPRegen  0.65/turn              (no ring)
MPRegen  0.12/turn              (no ring)

@: no status effects
A: no striking features
a: Berserk, Trog's Hand, Brothers in Arms, Renounce Religion


You were on level 1 of the Lair of Beasts.
You worshipped Trog.
Trog was extremely pleased with you.
You were not hungry.

You visited 2 branches of the dungeon, and saw 10 of its levels.

You collected 489 gold pieces.
You spent 28 gold pieces at shops.

Inventory:

Hand Weapons
 a - a +3 hand axe (weapon)
 b - a +3 quarterstaff of chaos
 D - a +0 fustibalus
 F - a +0 war axe
Missiles
 e - 201 stones (quivered)
Armour
 m - a +0 pair of boots (worn)
 s - a +0 troll leather armour (worn) {Purgy}
 t - a +0 cloak of poison resistance (worn)
 u - a +1 pair of gloves (worn)
 J - a +2 scale mail of cold resistance
 K - a +0 helmet (worn)
Jewellery
 C - an uncursed ring of resist corrosion {unknown}
Wands
 y - a wand of iceblast (10)
 A - a wand of flame (43)
Scrolls
 g - 4 scrolls of blinking
 j - 7 scrolls of identify
 k - 5 scrolls of remove curse
 o - 2 scrolls of immolation {unknown}
 p - 4 scrolls of noise {unknown}
 r - a scroll of magic mapping {unknown}
 v - a scroll of amnesia {unknown}
 x - 2 scrolls of summoning {unknown}
 z - 3 scrolls of enchant armour {unknown}
 B - a scroll of vulnerability {unknown}
 E - a scroll of brand weapon {unknown}
 G - 2 scrolls of teleportation {unknown}
 H - a scroll of enchant weapon {unknown}
Potions
 d - 2 potions of heal wounds {unknown}
 f - a potion of might {unknown}
 h - a potion of mutation {unknown}
 i - 3 potions of curing
 l - 4 potions of lignification {unknown}
 n - 2 potions of flight
 q - a potion of magic {unknown}
 w - a potion of berserk rage {unknown}
 I - a potion of agility {unknown}
 L - a potion of brilliance {unknown}
Comestibles
 c - 12 rations


   Skills:
 + Level 11.5 Fighting
 + Level 11.5 Axes
 - Level 2.0 Armour
 - Level 2.0 Dodging


You had 10 spell levels left.
You didn't know any spells.
Your spell library was empty.

Dungeon Overview and Level Annotations

Branches:
Dungeon (9/15)             Temple (0/1) D:4            Lair (1/6) D:8
    Orc: D:9-12

Altars:
Cheibriados
Dithmenos
Kikubaaqudgha
Nemelex Xobeh
Okawaru
Qazlal
Ru
Trog
Vehumet
Yredelemnul
The Shining One

Shops:
D:7 [   D:8 =


Message History

You hit the lava snake.
The lava snake is moderately wounded.
You miss the fire bat. The fire bat barely misses you. The fire bat bites you.
You are engulfed in flames.
The lava snake bites you but does no damage.
The lava snake spits lava at you. The glob of lava hits you!
* * * LOW HITPOINT WARNING * * *
The fire bat barely misses you.
You recover from your berserk rage.
The fire bat barely misses you. The lava snake spits lava at you.
The glob of lava hits you!
* * * LOW HITPOINT WARNING * * *
The fire bat misses you.
There is a staircase back to the Dungeon here.
You feel better. The fire bat closely misses you.
The lava snake spits lava at you. The glob of lava hits you!
You die...

# ... #.. .. #.. #.#
#..###+#.#######
#........≈≈§≈≈≈≈§
#........≈§§§≈≈≈≈
#........≈§§§≈≈≈§ #
##§....@..S§§§≈§≈§
#.#######§§....b..≈≈≈≈≈≈≈≈
........§§..).....≈≈≈≈≈≈§≈
..........................
#####P≈.............S≈≈§≈≈
#≈≈.............S≈§≈§≈
#≈≈§.............§§≈≈≈≈
#≈≈§§...........§≈≈§≈§≈
#≈#≈≈...........§§§§§≈≈≈


You could see a fire bat and 3 lava snakes.

Vanquished Creatures
  Harold (D:9)
  A two-headed ogre (D:8)
  Erica (Lair:1)
  3 fire bats (Lair:1)
  A water moccasin (D:8)
  Purgy (D:3)
  2 orc warriors
  A sky beast (D:5)
  An ice beast (D:8)
  3 ogres
  2 phantoms
  A black bear (D:8)
  2 centaurs
  A big kobold (D:8)
  2 bullfrogs (D:8)
  2 scorpions (D:7)
  8 killer bees
  A water moccasin skeleton (D:5)
  9 wights (D:8)
  2 howler monkeys
  A centaur zombie (D:4)
  A lava snake (Lair:1)
  4 crimson imps
  2 hounds (D:8)
  Crazy Yiuf (D:3)
  An iron imp (D:5)
  A jelly (D:6)
  2 centaur skeletons
  5 orc priests
  Jessica (D:3)
  An iguana (D:8)
  8 orc wizards
  5 worker ants
  2 hound skeletons
  A worker ant zombie (D:8)
  9 adders
  A howler monkey skeleton (D:7)
  A shadow imp (D:5)
  An adder zombie (D:5)
  2 adder skeletons
  6 worms
  5 leopard geckos
  41 orcs
  2 ball pythons
  5 bats
  3 giant cockroaches
  10 goblins
  9 hobgoblins
  8 jackals
  14 kobolds
  5 quokkas
  3 frilled lizards
  A goblin skeleton (D:5)
  A goblin zombie (D:5)
  A hobgoblin zombie (D:5)
  A jackal skeleton (D:5)
  A kobold zombie (D:5)
  An orc skeleton (D:5)
  An orc zombie (D:5)
  2 quokka skeletons
  A quokka zombie (D:7)
  9 rats
  A spectral orc (D:3)
226 creatures vanquished.

Notes
Turn   | Place    | Note
-------+----------+-------------------------------------------
     0 | D:1      | Knicklaso the Human Berserker began the quest for the Orb.
     0 | D:1      | Reached XP level 1. HP: 18/18 MP: 1/1
   108 | D:1      | Reached XP level 2. HP: 15/24 MP: 2/2
   390 | D:1      | Reached XP level 3. HP: 28/29 MP: 3/3
   441 | D:1      | You fall through a shaft!
   455 | D:2      | Reached ** piety under Trog
   752 | D:2      | Found an iron altar of Okawaru.
   885 | D:2      | Found a sparkling altar of Nemelex Xobeh.
  1180 | D:1      | Reached XP level 4. HP: 37/37 MP: 4/4
  1714 | D:3      | Noticed Purgy
  1724 | D:3      | Killed Purgy
  1724 | D:3      | Reached XP level 5. HP: 23/43 MP: 5/5
  1902 | D:3      | Reached XP level 6. HP: 50/50 MP: 6/6
  1977 | D:3      | Reached skill level 5 in Axes
  2009 | D:3      | Reached skill level 5 in Fighting
  2121 | D:3      | Found a basalt altar of Yredelemnul.
  2247 | D:3      | Noticed Jessica
  2254 | D:3      | Killed Jessica
  2254 | D:3      | Reached *** piety under Trog
  2576 | D:3      | Found a runed door.
  2637 | D:3      | Found a stormy altar of Qazlal.
  2733 | D:3      | Noticed Crazy Yiuf
  2741 | D:3      | Killed Crazy Yiuf
  2895 | D:4      | Reached XP level 7. HP: 48/56 MP: 7/7
  2923 | D:4      | Found a staircase to the Ecumenical Temple.
  3020 | D:4      | Noticed a rust devil
  3252 | D:4      | Noticed an angel
  3469 | D:4      | Reached XP level 8. HP: 59/65 MP: 8/8
  3584 | D:5      | Entered Level 5 of the Dungeon
  3710 | D:5      | Found an ancient bone altar of Kikubaaqudgha.
  3724 | D:5      | Reached **** piety under Trog
  3800 | D:5      | Found a sacrificial altar of Ru.
  3864 | D:5      | Found a glowing golden altar of the Shining One.
  4508 | D:6      | Reached XP level 9. HP: 74/74 MP: 9/9
  4549 | D:6      | Found a bloodstained altar of Trog.
  4708 | D:6      | Noticed a moth of wrath
  4711 | D:6      | Found a bloodstained altar of Trog.
  5003 | D:7      | Found a radiant altar of Vehumet.
  5070 | D:7      | Found Mitanofa's Antique Armour Shop.
  5233 | D:7      | Reached ***** piety under Trog
  5472 | D:7      | Found a glowing golden altar of the Shining One.
  5835 | D:8      | Found a staircase to the Lair.
  5849 | D:8      | Found a shadowy altar of Dithmenos.
  6016 | D:8      | Reached XP level 10. HP: 62/84 MP: 10/10
  6053 | D:8      | Found Ebepagh's Jewellery Emporium.
  6057 | D:8      | Bought a cursed amulet of inaccuracy for 28 gold pieces
  6209 | D:8      | Reached skill level 10 in Fighting
  6209 | D:8      | Reached skill level 10 in Axes
  6301 | D:8      | Found a snail-covered altar of Cheibriados.
  6610 | D:8      | Noticed a two-headed ogre
  6623 | D:8      | Killed a two-headed ogre
  6765 | D:9      | Noticed Harold
  6794 | D:9      | Killed Harold
  6830 | Lair:1   | Entered Level 1 of the Lair of Beasts
  6830 | Lair:1   | Noticed Erica
  6846 | Lair:1   | Killed Erica
  6846 | Lair:1   | Reached XP level 11. HP: 91/93 MP: 11/11
  6887 | Lair:1   | Killed from afar by a lava snake

Skill      XL: |  1  2  3  4  5  6  7  8  9 10 |
---------------+-------------------------------+-----
Fighting       | 4 5 6 7 9 11 | 11.5
Axes           | 4 5 6 8 9 11 | 11.5
Armour         | |  2.0
Dodging        | |  2.0

Action                   |  1- 3 |  4- 6 |  7- 9 | 10-12 || total
-------------------------+-------+-------+-------+-------++-------
Melee: Hand axe          |    80 |   135 |   467 |   141 ||   823
Throw: Stone             |    24 |       |       |     7 ||    31
Invok: Berserk           |     1 |     4 |     9 |     6 ||    20
       Trog's Hand       |       |     1 |     1 |     3 ||     5
  Use: Scroll            |       |     5 |       |       ||     5
       Potion            |       |       |       |     1 ||     1
 Stab: Distracted        |       |       |     1 |       ||     1
  Eat: Chunk             |     1 |     8 |    17 |     5 ||    31
       Ration            |       |     1 |       |     2 ||     3
Armor: Animal skin       |     2 |       |       |       ||     2
       Ring mail         |    23 |       |       |       ||    23
       Chain mail        |    13 |    35 |       |       ||    48
       Troll leather arm |       |    25 |   125 |    30 ||   180
Dodge: Dodged            |    71 |    62 |   245 |    92 ||   470
